 Dungeon Crawl Stone Soup version 0.22.0-75-g3901e79 (webtiles) character file.

462 jerryfan the Changer (level 6, -10/51 HPs)
             Began as a Draconian Transmuter on Sept 13, 2018.
             Mangled by Pikel
             ... wielding a +2 whip of electrocution
              (18 damage)
             ... on level 4 of the Dungeon.
             The game lasted 00:11:01 (3728 turns).

jerryfan the Changer (Draconian Transmuter)         Turns: 3728, Time: 00:11:02

Health: -10/51     AC:  7    Str: 14 (15) XL:     6   Next: 79%
Magic:  10/10      EV: 12    Int: 15      God:
Gold:   236        SH:  0    Dex:  9 (12) Spells: 5/11 levels left

rFire    . . .     SeeInvis .     - Unarmed
rCold    . . .     Gourm    .   (no shield)
rNeg     . . .     Faith    .   (armour unavailable)
rPois    .         Spirit   .   (helmet restricted)
rElec    .         Reflect  .   (no cloak)
rCorr    .         Harm     .   (no gloves)
MR       .....                  d - +0 pair of boots
Stlth    +.........             (no amulet)
HPRegen  0.17/turn              q - +3 ring of strength
MPRegen  0.12/turn              (no ring)

@: no status effects
A: unfitting armour, cold-blooded, AC +6
a: no special abilities


You were on level 4 of the Dungeon.
You were not hungry.

You visited 1 branch of the dungeon, and saw 4 of its levels.

You collected 236 gold pieces.

Inventory:

Armour
 d - a +0 pair of boots (worn)
Jewellery
 q - a +3 ring of strength (left hand)
Scrolls
 n - 3 scrolls of identify
 o - a scroll of fear
 r - 2 scrolls of remove curse
Potions
 a - 2 potions of agility {unknown}
 b - 3 potions of curing {unknown}
 g - a potion of cancellation {unknown}
 l - a potion of magic {unknown}
 p - 2 potions of lignification {unknown}
Comestibles
 c - 4 rations


   Skills:
 + Level 3.2 Fighting
 + Level 3.0 Dodging
 + Level 4.1 Unarmed Combat
 + Level 3.2 Spellcasting
 * Level 4.6 Transmutations


You had 5 spell levels left.
You knew the following spells:

 Your Spells              Type           Power        Failure   Level  Hunger
a - Beastly Appendage     Tmut           ###...       3%          1    #......
b - Sticks to Snakes      Tmut           ###.....     4%          2    ##.....
c - Spider Form           Tmut/Pois      #.........   22%         3    ###....

Your spell library contained the following spells:

 Spells                   Type           Power        Failure   Level  Hunger
 Ice Form                 Ice/Tmut       #.......     58%         4    #####..
 Blade Hands              Tmut           ###.......   63%         5    ######.


Dungeon Overview and Level Annotations

Branches:
Dungeon (4/15)
 Temple: D:4-7

Altars:

Annotations:
D:4 Pikel


Innate Abilities, Weirdness & Mutations

Your plain brown scales are hard. (AC +6)
You cannot fit into any form of body armour.
You are cold-blooded and may be slowed by cold attacks.


Message History

You feel aware of your surroundings.
It was a scroll of magic mapping.
As you read the scroll labeled SISIZXIURYDGH, it crumbles to dust.
The scroll dissolves into smoke.
It was a scroll of fog.
The slave hits you!
* * * LOW HITPOINT WARNING * * *
You feel much better. The slave hits you but does no damage.
As you read the scroll labeled ACWOM KULAXA, it crumbles to dust.
You hear a loud clanging noise!
It was a scroll of noise.
You hear a bark!
The slave hits you.
As you read the scroll labeled VULUMI ALEACU, it crumbles to dust.
Your hands glow brilliant copper for a moment.
It was a scroll of random uselessness.
The slave hits you.
You barely miss the slave. Pikel closely misses you.
The slave barely misses you. The slave hits you but does no damage.
Pikel hits you with a whip of electrocution!
* * * LOW HITPOINT WARNING * * *
You are electrocuted!
You die...

##..##.....#.....#
##..##############
.....# .....#
.....# #######
....########..%..#
###'##..p..#K.§§§#
##..##.....'§§§p§#
#......p...#§§§K@#
'...##.....#§§§§§#
#...##.....#§§§§§#
##..##.....#######
##..##..........#
.#..'...........#
.#..#############
#####........#
.............#


You could see Pikel (inner flame) and a slave (inner flame).

Vanquished Creatures
  Grinder (D:3)
  An orc priest (D:4)
  2 orc wizards
  A howler monkey skeleton (D:4)
  6 gnolls
  3 adders
  3 dart slugs
  2 leopard geckos (D:2)
  5 orcs
  2 ball pythons
  4 giant cockroaches
  6 goblins
  5 hobgoblins
  4 jackals (D:3)
  6 kobolds
  A quokka (D:4)
  3 bats
  8 frilled lizards
  7 rats
70 creatures vanquished.

Vanquished Creatures (collateral kills)
  2 gnolls (D:2)
  An adder (D:2)
  A quokka (D:2)
  2 bats (D:2)
  A kobold (D:1)
7 creatures vanquished.

Grand Total: 77 creatures vanquished

Notes
Turn   | Place    | Note
-------+----------+-------------------------------------------
     0 | D:1      | jerryfan the Draconian Transmuter began the quest for the
                  | Orb.
     0 | D:1      | Reached XP level 1. HP: 16/16 MP: 3/3
   179 | D:1      | Reached XP level 2. HP: 22/23 MP: 5/5
   217 | D:1      | Learned a level 2 spell: Sticks to Snakes
   761 | D:2      | Reached XP level 3. HP: 29/29 MP: 0/6
  1241 | D:2      | Reached XP level 4. HP: 24/36 MP: 1/7
  1451 | D:2      | Learned a level 3 spell: Spider Form
  2072 | D:3      | Noticed Grinder
  2125 | D:3      | Paralysed by Grinder for 7 turns
  2140 | D:3      | HP: 1/36 [Grinder (8)]
  2141 | D:3      | Killed Grinder
  2141 | D:3      | Reached XP level 5. HP: 2/44 MP: 7/9
  2141 | D:3      | Reached XP level 6. HP: 2/50 MP: 7/10
  3672 | D:4      | Noticed a slave
  3672 | D:4      | Noticed a slave
  3672 | D:4      | Noticed Pikel
  3699 | D:4      | Noticed a slave
  3728 | D:4      | Mangled by Pikel

Skill      XL: |  1  2  3  4  5  6 |
---------------+-------------------+-----
Dodging        | 2 3 |  3.0
Transmutations | 3 4 |  4.6
Fighting       | 2 3 |  3.2
Spellcasting   | 3 |  3.2
Unarmed Combat | 4 |  4.1

Action                   |  1- 3 |  4- 6 || total
-------------------------+-------+-------++-------
Melee: Unarmed           |   101 |   189 ||   290
       Headbutt          |     7 |    11 ||    18
       Tailslap          |     8 |    15 ||    23
 Cast: Beastly Appendage |    10 |    11 ||    21
       Sticks to Snakes  |     9 |     3 ||    12
  Use: Potion            |       |     4 ||     4
       Scroll            |       |     8 ||     8
 Stab: Sleeping          |     1 |       ||     1
  Eat: Chunk             |     2 |     8 ||    10
Armor: Skin              |    33 |    53 ||    86
Dodge: Dodged            |    68 |    90 ||   158
